 Dungeon Crawl Stone Soup version 0.28.0-43-g3370ac3207 (webtiles) character file.

Game seed: 9423089327248240226

35 Zeld the Firebug (level 3, -1/19 HPs)
             Began as a Deep Elf Fire Elementalist on Mar 15, 2022.
             Slain by a quokka (3 damage)
             ... on level 2 of the Dungeon.
             The game lasted 00:00:59 (1054 turns).

Zeld the Firebug (Deep Elf Fire Elementalist)       Turns: 1054, Time: 00:01:00

Health: -1/19      AC:  2    Str:  5    XL:     3   Next: 16%
Magic:  4/10       EV: 13    Int: 21    God:
Gold:   71         SH:  0    Dex: 15    Spells: 8/9 levels left

rFire   . . .      SeeInvis .   (no weapon)
rCold   . . .      Faith    .   (no shield)
rNeg    . . .      Spirit   .   a - +0 robe
rPois   .          Reflect  .   (no helmet)
rElec   .          Harm     .   (no cloak)
rCorr   .          Rampage  .   (no gloves)
Will    .....                   (no boots)
Stlth   ++........              (no amulet)
HPRegen 0.06/turn               (no ring)
MPRegen 0.12/turn               (no ring)

@: no status effects
A: no striking features
a: no special abilities


You were on level 2 of the Dungeon.
You visited 1 branch of the dungeon, and saw 2 of its levels.

You collected 71 gold pieces.

Inventory:

Armour
 a - a +0 robe (worn)
Wands
 c - a wand of digging (2)
Scrolls
 b - 2 scrolls of identify {unknown}
Potions
 d - a potion of curing {unknown}


   Skills:
 + Level 2.7 Dodging
 + Level 2.8 Stealth
 * Level 3.7 Spellcasting
 + Level 1.5 Conjurations
 * Level 3.8 Fire Magic


You had 8 spell levels left.
You knew the following spells:

 Your Spells              Type           Power      Damage    Failure   Level
a - Foxfire               Conj/Fire      60%        2x1d7     4%          1

Your spell library contained the following spells:

 Spells                   Type           Power      Damage    Failure   Level
 Scorch                   Fire           40%        2d7       3%          2
 Conjure Flame            Conj/Fire      15%        6-21      12%         3
 Inner Flame              Hex/Fire       12%        N/A       17%         3
 Flame Wave               Conj/Fire      15%        2d6       38%         4


Dungeon Overview and Level Annotations

Branches:
Dungeon (2/15)

Altars:

Shops:
D:1 (


Message History

The foxfire hits the adder.
The adder is lightly wounded.
The foxfire hits the adder.
The adder is moderately wounded.
The adder barely misses you.
Casting: Foxfire (safe; 4% risk of failure)
Confirm with . or Enter, or press ? or * to list all spells.
You don't know that spell.
Casting: Foxfire (safe; 4% risk of failure)
Confirm with . or Enter, or press ? or * to list all spells.
You don't know that spell.
There are monsters nearby!
Casting: Foxfire (safe; 4% risk of failure)
Confirm with . or Enter, or press ? or * to list all spells.
You don't know that spell.
Casting: Foxfire (safe; 4% risk of failure)
Confirm with . or Enter, or press ? or * to list all spells.
You conjure some foxfire!
The adder bites you.
The foxfire hits the quokka.
The quokka is almost dead.
The adder barely misses you.
The foxfire hits the adder.
The adder is heavily wounded.
The adder bites you.
* * * LOW HITPOINT WARNING * * *
Casting: Foxfire (safe; 4% risk of failure)
Confirm with . or Enter, or press ? or * to list all spells.
You conjure some foxfire!
The adder closely misses you. The adder misses you.
The foxfire hits the adder.
The adder is severely wounded.
The foxfire hits the adder.
You kill the adder!
The quokka closely misses you.
You have reached level 3!
Your experience leads to an increase in your attributes!
Increase (S)trength, (I)ntelligence, or (D)exterity?
You feel clever. x2
Casting: Foxfire (safe; 4% risk of failure)
Confirm with . or Enter, or press ? or * to list all spells.
You conjure some foxfire!
The quokka bites you.
You die...

### ..# ###
#.# .. #.#
#####.##.#
.......#.#
#...)#v###
#....r@ยง.#
.......#v###
..#....#.#
#.##.#.# #
#.#.# ..#.#
..#.# ..#.#


You could see a quokka (ally target).

Vanquished Creatures
  An adder (D:2)
  A bat (D:1)
  An endoplasm (D:1)
  2 giant cockroaches (D:1)
  4 goblins (D:1)
  4 hobgoblins (D:1)
  2 ball pythons (D:1)
  2 frilled lizards (D:1)
  2 kobolds
  5 rats (D:1)
24 creatures vanquished.

Vanquished Creatures (others)
  99 foxfires
  4 toadstools (D:1)
103 creatures vanquished.

Grand Total: 127 creatures vanquished

Notes
Turn   | Place    | Note
-------+----------+-------------------------------------------
     0 | D:1      | Zeld the Deep Elf Fire Elementalist began the quest for the
                  | Orb.
     0 | D:1      | Reached XP level 1. HP: 10/10 MP: 6/6
   209 | D:1      | Reached XP level 2. HP: 15/15 MP: 1/8
   908 | D:1      | Found Ipewyagg's Antique Weapon Emporium.
   958 | D:1      | Found a faded altar of an unknown god.
  1054 | D:2      | Reached XP level 3. HP: 2/19 MP: 5/10
  1054 | D:2      | Slain by a quokka

Illustrated notes

Levels and vault maps discovered:
D:1:      ldierk_water_garden, layout_basic, serial_shops, nicolae_square_shop,
          serial_glass, glass_columns_b, glass_columns_a,
          shapermc_ecumenical_altar_notcrosses, dk_noncrumbling_3
D:2:      layout_basic, minmay_statues_item, uniq_terence

Action                   || total
-------------------------++-------
 Cast: Foxfire           ||    60
Dodge: Dodged            ||     7
